 Dungeon Crawl Stone Soup version 0.27-a0-661-gca034ae587 (webtiles) character file.

Game seed: 4492374942912201399

294362 Johnny the Metallomancer (level 20, -7/129 HPs)
             Began as a Deep Elf Earth Elementalist on Mar 17, 2021.
             Was the Champion of Okawaru.
             Killed from afar by an iron giant (19 damage)
             ... with a harpoon shot
             ... on level 1 of the Depths.
             The game lasted 01:28:19 (57539 turns).

Johnny the Metallomancer (DEEE)                    Turns: 57539, Time: 01:28:20

Health: -7/129     AC: 15    Str:  4    XL:     20   Next: 37%
Magic:  35/47      EV: 23    Int: 30    God:    Okawaru [******]
Gold:   2663       SH: 17    Dex: 21    Spells: 28/61 levels left

rFire    + + +     SeeInvis .   P - staff of earth
rCold    + . .     Faith    .   C - +5 kite shield {rPois}
rNeg     . . .     Spirit   .   O - +2 robe {Archmagi}
rPois    +         Reflect  .   o - +2 hat {Will+}
rElec    +         Harm     .   m - +2 cloak {Will+}
rCorr    +         Rampage  .   V - +2 pair of gloves {Stlth+}
Will     ++++.                  S - +2 pair of boots of Kindness {+Blink rF+ rCorr Str-3}
Stlth    +++.......             Y - amulet of Mofypostru {RegenMP rF++}
HPRegen  0.31/turn              M - ring of the Robin {+Fly rElec rC+ Dex+6}
MPRegen  0.55/turn              K - ring of the Hare {EV+8}

@: no status effects
A: antennae 1, hooves 1, strong 1, evolution 1
}: 1/15 runes: decaying
a: Renounce Religion, Evoke Blink, Evoke Flight, Heroism, Finesse


You were on level 1 of the Depths.
You worshipped Okawaru.
Okawaru was exalted by your worship.
You visited 8 branches of the dungeon, and saw 37 of its levels.
You also visited: Gauntlet and Ice Cave.

You collected 4855 gold pieces.
You spent 2192 gold pieces at shops.

Inventory:

Missiles
 J - 375 stones
Armour
 i - a +2 buckler of reflection
 m - a +2 cloak of willpower (worn)
 o - a +2 hat of willpower (worn)
 C - a +5 kite shield of poison resistance (worn)
 O - a +2 robe of the Archmagi (worn)
 S - the +2 pair of boots of Kindness (worn) {+Blink rF+ rCorr Str-3}
   (You found it in a Gauntlet)

   It affects your strength (-3).
   It protects you from fire.
   It lets you blink.
   It provides partial protection from all sources of acid and corrosion.
 V - a +2 pair of gloves of stealth (worn)
Magical Staves
 P - a staff of earth (weapon)
Jewellery
 a - a +6 ring of intelligence
 n - a ring of positive energy
 s - a +6 ring of intelligence
 v - the ring of Pyromania {Str+6 Dex+4}
   (You found it in a Gauntlet)

   [ring of strength]

   It affects your strength (+6).
   It affects your dexterity (+4).
 D - a ring of magical power
 K - the ring of the Hare (left hand) {EV+8}
   (You found it on level 3 of the Dungeon)

   [ring of evasion]

   It affects your evasion (+8).
 M - the ring of the Robin (right hand) {+Fly rElec rC+ Dex+6}
   (You bought it in a shop on level 6 of the Dungeon)

   [ring of dexterity]

   It affects your dexterity (+6).
   It protects you from cold.
   It insulates you from electricity.
   It lets you fly.
 N - a +4 ring of evasion
 Y - the amulet of Mofypostru (around neck) {RegenMP rF++}
   (You found it on level 3 of the Lair of Beasts)

   [amulet of magic regeneration]

   It increases your magic regeneration.
   It greatly protects you from fire.
Wands
 p - a wand of paralysis (8)
 r - a wand of acid (28)
 x - a wand of charming (7)
 X - a wand of digging (7)
Scrolls
 c - 6 scrolls of identify
 d - 2 scrolls of enchant armour
 e - 7 scrolls of immolation
 f - 5 scrolls of noise
 j - a scroll of fear
 k - 7 scrolls of magic mapping
 A - 2 scrolls of fog
 E - a scroll of holy word
 G - 4 scrolls of vulnerability
 L - a scroll of teleportation
Potions
 b - 5 potions of haste
 g - 4 potions of resistance
 h - 3 potions of curing
 l - 4 potions of mutation
 t - 4 potions of brilliance
 u - 8 potions of might
 w - 3 potions of berserk rage
 z - 8 potions of flight
 B - 7 potions of ambrosia
 F - 9 potions of attraction
 H - 7 potions of lignification
 U - 4 potions of heal wounds
 W - 3 potions of cancellation
 Z - a potion of magic {unknown}
Miscellaneous
 q - a box of beasts
 y - a condenser vane (inert)
 Q - a phantom mirror
 R - a tin of tremorstones (2/2)
 T - a lightning rod (4/4)


   Skills:
 + Level 15.0 Fighting
 - Level 5.8 Dodging
 - Level 2.4 Stealth
 + Level 13.6 Shields
 + Level 21.4 Spellcasting
 - Level 1.1 Transmutations
 + Level 22.7 Earth Magic


You had 28 spell levels left.
You knew the following spells:

 Your Spells              Type           Power      Damage    Failure   Level
a - Sandblast             Erth           100%       2d20      0%          1
b - Bolt of Magma         Conj/Fire/Erth 54%        4d22      1%          5
c - Lee's Rapid Deconstr  Erth           77%        3d36*     0%          5
d - Petrify               Tmut/Erth      100%       N/A       1%          4
e - Shatter               Erth           77%        3d56*     12%         9
f - Stone Arrow           Conj/Erth      100%       3d13      1%          3
k - Iron Shot             Conj/Erth      61%        9d11      1%          6

Your spell library contained the following spells:

 Spells                   Type           Power      Damage    Failure   Level
 Passwall                 Tmut/Erth      100%       N/A       0%          2
 Animate Skeleton         Necr           96%        N/A       1%          1
 Apportation              Tloc           96%        N/A       1%          1
 Foxfire                  Conj/Fire      100%       2x1d9     1%          1
 Freeze                   Ice            100%       1d11      1%          1
 Magic Dart               Conj           100%       1d8       1%          1
 Pain                     Necr           100%       1d9       1%          1
 Summon Small Mammal      Summ           100%       N/A       1%          1
 Blink                    Tloc           N/A        N/A       1%          2
 Call Imp                 Summ           48%        N/A       1%          2
 Corpse Rot               Necr/Air       N/A        N/A       1%          2
 Ensorcelled Hibernation  Hex/Ice        96%        N/A       1%          2
 Poisonous Vapours        Pois/Air       96%        N/A       1%          2
 Slow                     Hex            48%        N/A       1%          2
 Sublimation of Blood     Necr           24%        N/A       1%          2
 Animate Armour           Summ/Erth      100%       N/A       1%          4
 Leda's Liquefaction      Hex/Erth       61%        N/A       1%          4
 Statue Form              Tmut/Erth      83%        N/A       1%          6
 Call Canine Familiar     Summ           48%        N/A       3%          3
 Conjure Flame            Conj/Fire      48%        6-21      3%          3
 Ignite Poison            Fire/Tmut/Pois 51%        N/A       3%          3
 Inner Flame              Hex/Fire       48%        N/A       3%          3
 Lesser Beckoning         Tloc           24%        N/A       3%          3
 Mephitic Cloud           Conj/Pois/Air  48%        N/A       3%          3
 Spider Form              Tmut/Pois      26%        N/A       3%          3
 Static Discharge         Conj/Air       48%        N/A       3%          3
 Summon Guardian Golem    Hex/Summ       48%        N/A       3%          3
 Tukima's Dance           Hex            48%        N/A       3%          3
 Vampiric Draining        Necr           24%        2d9       3%          3
 Animate Dead             Necr           24%        N/A       13%         4
 Olgreb's Toxic Radiance  Pois           48%        N/A       13%         4
 Sticky Flame             Conj/Fire      48%        2d7       13%         4
 Summon Ice Beast         Ice/Summ       48%        N/A       13%         4
 Summon Lightning Spire   Summ/Air       48%        N/A       13%         4
 Alistair's Intoxication  Tmut/Pois      34%        N/A       28%         5
 Irradiate                Conj/Tmut      26%        3d22      28%         5
 Agony                    Necr           48%        N/A       34%         5
 Fireball                 Conj/Fire      24%        3d11      34%         5
 Lightning Bolt           Conj/Air       24%        1d39      34%         5
 Metabolic Englaciation   Hex/Ice        24%        N/A       34%         5
 Silence                  Hex/Air        24%        N/A       34%         5
 Summon Forest            Summ/Tloc      24%        N/A       34%         5
 Summon Mana Viper        Hex/Summ       48%        N/A       34%         5
 Hydra Form               Tmut           27%        N/A       77%         6
 Eringya's Noxious Bog    Tmut/Pois      26%        N/A       85%         6
 Conjure Ball Lightning   Conj/Air       24%        3x3d7     89%         6
 Freezing Cloud           Conj/Ice/Air   24%        6-21      89%         6
 Invisibility             Hex            48%        N/A       89%         6
 Dragon Form              Tmut           27%        N/A       100%        7
 Haunt                    Necr/Summ      24%        N/A       100%        7
 Malign Gateway           Summ/Tloc      24%        N/A       100%        7
 Monstrous Menagerie      Summ           24%        N/A       100%        7
 Summon Hydra             Summ           24%        N/A       100%        7
 Ignition                 Fire           24%        3d8       100%        8
 Summon Horrible Things   Summ           24%        N/A       100%        8
 Dragon's Call            Summ           24%        N/A       100%        9
 Tornado                  Air            24%        N/A       100%        9


Dungeon Overview and Level Annotations

Branches:
Dungeon (15/15)            Temple (1/1) D:5            Lair (6/6) D:8
  Swamp (4/4) Lair:3       Spider (4/4) Lair:4        Slime (0/5) Lair:6
    Orc (2/2) D:11            Elf (3/3) Orc:2        Vaults (0/5) D:14
 Depths (2/5) D:15          IceCv (visited)         Gauntlet (visited)

Altars:
Ashenzari
Cheibriados
Dithmenos
Elyvilon
Fedhas
Gozag
Hepliaklqana
Kikubaaqudgha
Makhleb
Nemelex Xobeh
Okawaru
Qazlal
Ru
Sif Muna
Trog
Uskayaw
Vehumet
Wu Jian
Xom
Yredelemnul
Zin
The Shining One
Beogh

Shops:
D:6 =   D:8 *   Orc:2 :(([   Elf:2 (*   Elf:3 (   Depths:1 *

Portals:
Hell: Depths:1
Abyss: D:3
Pandemonium: Depths:1

Annotations:
Elf:2 1 runed translucent door, Maemadut's ghost, veteran DrMo
Depths:1 Zogo's ghost, veteran OpDe


Innate Abilities, Weirdness & Mutations

You have a pair of small antennae on your head.
You have large cloven feet.
Your muscles are strong. (Str +2)
You evolve.


Message History

Confirm with . or Enter, or press ? or * to list all spells.
Aiming: Lee's Rapid Deconstruction (safe; 0% risk of failure)
Press: ? - help, Dir - move target, p - iron giant A crystal wall.
Okay, then.
Zogo's ghost casts a spell.
Zogo's ghost blinks!
The iron giant throws the iron dragon at you!
Casting: Lee's Rapid Deconstruction (safe; 0% risk of failure)
Confirm with . or Enter, or press ? or * to list all spells.
Aiming: Lee's Rapid Deconstruction (safe; 0% risk of failure)
Press: ? - help, Dir - move target, p - iron giant A crystal wall.
You feel a strong surge of power!
The crystal wall shatters!
The blast of crystal shards hits the iron dragon!!!
The iron dragon is severely wounded.
The iron dragon bites you but does no damage.
The iron dragon barely misses you. You block the iron dragon's attack.
Zogo's ghost completely misses you.
Unknown command.
Unknown command.
Casting: Lee's Rapid Deconstruction (safe; 0% risk of failure)
Confirm with . or Enter, or press ? or * to list all spells.
Aiming: Lee's Rapid Deconstruction (safe; 0% risk of failure)
Press: ? - help, Dir - move target A crystal wall.
You feel a strong surge of power!
The crystal wall shatters!
The blast of crystal shards hits the iron dragon!!
The iron dragon is almost dead.
The iron dragon bites you! The iron dragon claws you!!
* * * LOW HITPOINT WARNING * * *
The iron dragon tramples you.
* * * LOW HITPOINT WARNING * * *
You stumble backwards!
Zogo's ghost screams, "You will join me soon!"
Zogo's ghost hits you!!
* * * LOW HITPOINT WARNING * * *
The iron giant fires a harpoon shot at you.
The harpoon shot hits you!!
You die...

..##.....#.#.....(##....#
.###...........#..##....##
......##...##.##...#.#...##
...........###.........#..####♣♣♣
#...........................##P≈≈
....#######.#######.#######.##≈≈P
....#.....###.....###...$$#.#≈♣≈≈
....#[...(#.#..DD.#.#....!#.≈P≈≈≈
....'....|'('..W@)C.T....)#..♣≈≈≈
....#.....#.#.....#.#....!#...♣≈≈
....#.....###.....###...$$#....≈≈
....#######.#######.#######......
.................................
......≈..........................
...##............................
...###.....................#.....
....###....................##.≈≈≈


You could see an iron giant, 2 iron dragons, an iron troll and Zogo's ghost.

Vanquished Creatures
  The ghost of Dipil the Invulnerable, a master MiFi of the Shining One (Depths:1)
  2 golden dragons (Depths:1)
  Jorgrun (Swamp:3)
  Rupert (Spider:1)
  Asterion (Spider:2)
  3 deep elf blademasters (Elf:3)
  The ghost of Sajuapom the Severer, an adept MiFi of Gozag (Spider:2)
  Frances (Spider:2)
  2 thorn hunters
  A storm dragon (Elf:1)
  Kirke (Spider:1)
  The ghost of Sysor the Spear-Bearer, an adept DsVM of Gozag (Depths:1)
  A fenstrider witch (Swamp:3)
  6 deep elf sorcerers (Elf:3)
  Roxanne (Spider:2)
  An iron dragon (Elf:1)
  A frost giant (IceCv)
  An orc warlord (Orc:2)
  3 emperor scorpions
  7 deep elf elementalists
  5 stone giants (Depths:1)
  5 deep elf demonologists
  A caustic shrike skeleton (D:15)
  Nessos (Lair:6)
  A minotaur (Gauntlet)
  The ghost of Leupn the Thaumaturge, a journeyman GnSk of Okawaru (Lair:3)
  A spark wasp (Spider:4)
  5 bunyips
  5 deep elf death magi (Elf:3)
  4 deep elf annihilators (Elf:3)
  7 eleionomae
  A merfolk javelineer (Depths:1)
  3 ettins (Depths:1)
  2 fire dragons
  2 great orbs of eyes (Depths:1)
  A shambling mangrove (Swamp:3)
  2 merfolk impalers (Depths:1)
  8 deep elf high priests
  Harold (D:7)
  29 hydras
  2 vault guards (D:14)
  2 boulder beetles
  A hell beast (Depths:1)
  An ogre mage (D:14)
  2 centaur warriors
  An ice dragon (Elf:1)
  9 alligators
  A death knight (D:15)
  Erica (D:9)
  4 deep troll shamans (Depths:1)
  2 catoblepae
  8 death yaks
  A deep troll earth mage (Depths:1)
  30 dancing weapons
  3 tengu warriors
  4 orc high priests
  A thrashing horror (Gauntlet)
  7 two-headed ogres
  Urug (D:11)
  A sun demon (Depths:1)
  24 deep elf knights
  Sonja (Lair:6)
  A storm dragon zombie (D:15)
  8 goliath frogs
  2 unseen horrors
  6 spriggan druids
  2 spectral death yaks (Lair:3)
  5 skeletal warriors
  12 swamp dragons
  3 iron trolls (Depths:1)
  2 glowing orange brains (Depths:1)
  6 deep trolls (Depths:1)
  7 bog bodies
  A flayed ghost (D:15)
  17 deep elf archers
  5 orc knights
  28 deep elf zephyrmancers
  An obsidian statue (Gauntlet)
  2 necromancers
  3 lindwurms (Lair:6)
  Pikel (D:9)
  21 deep elf pyromancers
  22 wolf spiders
  4 cyclopes
  8 orb spiders
  2 oklob plants (Lair:6)
  2 stone giant zombies (Depths:1)
  8 ugly things
  2 will-o-the-wisps
  5 orc sorcerers
  A stone giant skeleton (Depths:1)
  4 black mambas
  A rust devil (Depths:1)
  13 elephants (Lair:6)
  2 gargoyles
  Maurice (D:11)
  3 centaur skeletons (D:15)
  An ice statue (IceCv)
  Joseph (D:7)
  5 torpor snails
  18 cane toads
  The ghost of hemabe71 the Charlatan, a novice HuAr (D:3)
  Psyche (D:11)
  3 freezing wraiths
  13 komodo dragons
  9 demonic crawlers
  5 rime drakes
  14 polar bears (IceCv)
  21 jumping spiders
  6 trolls
  A queen bee (Lair:1)
  8 tyrant leeches
  6 slime creatures
  8 bloated husks
  A harpy skeleton (D:15)
  9 hornets
  15 blink frogs
  A meliai zombie (D:13)
  9 dream sheep
  An ice dragon zombie (D:15)
  48 redbacks
  3 spriggans
  An ice dragon skeleton (D:15)
  Sigmund (D:4)
  55 yaks
  3 shadows
  12 tarantellas
  12 water elementals
  4 air elementals
  4 wraiths
  9 basilisks
  3 fire elementals
  6 wyverns
  2 hogs (Spider:1)
  9 humans (D:14)
  3 steam dragons
  9 vampire mosquitoes
  Menkaure (D:7)
  A death yak simulacrum (Lair:3)
  12 swamp worms
  3 wargs
  15 water moccasins
  3 acid dragons
  5 sky beasts
  33 orc warriors
  5 swamp drakes
  3 ice beasts
  A black mamba simulacrum (Lair:3)
  3 small abominations (Gauntlet)
  14 wolves
  8 centaurs
  18 ogres
  3 phantoms
  2 kobold brigands
  17 bullfrogs
  A wyvern zombie (D:13)
  2 gnoll sergeants (Orc:1)
  An earth elemental (Elf:2)
  A wyvern skeleton (D:14)
  8 scorpions
  A dream sheep simulacrum (Lair:3)
  34 killer bees
  6 howler monkeys
  5 wights (D:14)
  4 electric eels
  A bullfrog zombie (D:5)
  7 centaur zombies
  5 hounds
  An iron imp (Depths:1)
  3 jellies
  18 orc priests
  4 iguanas
  Natasha (thrice) (D:2)
  36 orc wizards
  5 worker ants
  A hound zombie (D:6)
  4 hound skeletons
  A worker ant zombie (D:11)
  23 gnolls
  7 adders
  4 white imps
  3 ufetubi
  3 oozes
  3 adder skeletons
  3 worms
  A dart slug (D:1)
  12 leopard geckos
  97 orcs
  2 giant cockroaches
  5 goblins
  8 hobgoblins
  15 jackals
  19 kobolds
  2 quokkas
  A ball python (D:5)
  A bat (D:3)
  9 frilled lizards
  A jackal skeleton (D:6)
  A leopard gecko zombie (D:5)
  4 rats
  3 briar patches (Swamp:4)
1307 creatures vanquished.

Vanquished Creatures (collateral kills)
  A deep troll earth mage (Depths:1)
1 creature vanquished.

Vanquished Creatures (others)
  A deep troll (Depths:1)
  A blink frog (Lair:6)
  4 humans
  4 demonic plants (Gauntlet)
  7 foxfires
  20 fungi
  41 plants
  9 withered plants
87 creatures vanquished.

Grand Total: 1395 creatures vanquished

Notes
Turn   | Place    | Note
-------+----------+-------------------------------------------
     0 | D:1      | Johnny the Deep Elf Earth Elementalist began the quest for
                  | the Orb.
     0 | D:1      | Reached XP level 1. HP: 10/10 MP: 6/6
   339 | D:1      | Reached skill level 1 in Fighting
   339 | D:1      | Reached XP level 2. HP: 16/16 MP: 4/8
  1516 | D:2      | Reached XP level 3. HP: 20/20 MP: 8/10
  1738 | D:2      | Noticed Natasha
  1742 | D:2      | Killed Natasha
  1860 | D:2      | Noticed Natasha
  1867 | D:2      | Killed Natasha
  1868 | D:2      | Reached skill level 4 in Earth Magic
  1868 | D:2      | Reached XP level 4. HP: 7/26 MP: 6/12
  2185 | D:2      | Noticed Natasha
  2188 | D:2      | Killed Natasha
  2469 | D:2      | Reached XP level 5. HP: 27/31 MP: 10/13
  2922 | D:3      | You fall into a shaft and drop 2 floors!
  2922 | D:5      | Entered Level 5 of the Dungeon
  2924 | D:5      | Found a staircase to the Ecumenical Temple.
  3031 | Temple   | Entered the Ecumenical Temple
  3186 | Temple   | Became a worshipper of Warmaster Okawaru
  3311 | D:4      | Noticed Sigmund
  3319 | D:4      | Killed Sigmund
  3319 | D:4      | Reached * piety under Okawaru
  3320 | D:4      | Reached skill level 5 in Spellcasting
  3320 | D:4      | Reached XP level 6. HP: 30/38 MP: 10/15
  3428 | Temple   | Learned a level 3 spell: Stone Arrow
  3489 | D:5      | Reached skill level 5 in Earth Magic
  3781 | D:4      | Reached XP level 7. HP: 33/43 MP: 4/17
  4711 | D:3      | Found a one-way gate to the infinite horrors of the Abyss.
  4711 | D:3      | Noticed hemabe71's ghost (novice HuAr)
  4717 | D:3      | Found a transporter.
  4720 | D:3      | Found a transporter.
  4722 | D:3      | Found the ring of the Hare {EV+8}
  5133 | D:3      | Learned a level 5 spell: Lee's Rapid Deconstruction
  5138 | D:3      | Learned a level 4 spell: Petrify
  7054 | D:6      | Reached ** piety under Okawaru
  7055 | D:6      | Reached skill level 5 in Fighting
  7112 | D:6      | Reached XP level 8. HP: 49/49 MP: 9/19
  7188 | D:6      | Found Ytwemuz's Jewellery Shop.
  7193 | D:6      | Reached skill level 6 in Earth Magic
  7368 | D:6      | Reached skill level 1 in Shields
  7533 | D:6      | Noticed a cyan ugly thing
  7552 | D:6      | Killed a cyan ugly thing
  8365 | D:7      | Reached *** piety under Okawaru
  8498 | D:7      | Noticed Joseph
  8510 | D:7      | Killed Joseph
  8511 | D:7      | Reached skill level 7 in Earth Magic
  8511 | D:7      | Reached XP level 9. HP: 28/56 MP: 12/23
  8541 | D:7      | Noticed Harold
  8747 | D:7      | Noticed Menkaure
  8750 | D:7      | Killed Menkaure
  9282 | D:7      | Killed Harold
  9282 | D:7      | Reached **** piety under Okawaru
 10124 | D:8      | Found Hadopt's Assorted Antiques.
 10177 | D:8      | Bought a scroll of identify for 38 gold pieces
 10177 | D:8      | Bought a scroll of teleportation for 57 gold pieces
 10215 | D:8      | Noticed a two-headed ogre
 10218 | D:8      | Reached skill level 8 in Earth Magic
 10619 | D:8      | Reached XP level 10. HP: 64/64 MP: 10/25
 10965 | D:8      | Found a staircase to the Lair.
 11310 | D:8      | Killed a two-headed ogre
 11482 | D:8      | Found an ancient bone altar of Kikubaaqudgha.
 11935 | D:9      | Reached ***** piety under Okawaru
 11936 | D:9      | Reached skill level 10 in Spellcasting
 12167 | D:9      | Noticed Pikel
 12171 | D:9      | Noticed Erica
 12173 | D:9      | Killed Pikel
 12177 | D:9      | Reached skill level 5 in Shields
 12177 | D:9      | Killed Erica
 12178 | D:9      | Reached skill level 9 in Earth Magic
 12771 | D:10     | Entered Level 10 of the Dungeon
 12776 | D:10     | Reached XP level 11. HP: 71/71 MP: 14/27
 13812 | D:3      | Killed hemabe71's ghost
 14306 | D:11     | Noticed Urug
 14312 | D:11     | Killed Urug
 14334 | D:11     | Noticed a two-headed ogre
 14358 | D:11     | Received a gift from Okawaru
 14363 | D:11     | Killed a two-headed ogre
 14539 | D:11     | Reached skill level 10 in Fighting
 14651 | D:11     | Noticed a two-headed ogre
 14663 | D:11     | Killed a two-headed ogre
 14664 | D:11     | Reached skill level 10 in Earth Magic
 14862 | D:11     | Noticed Maurice
 14868 | D:11     | Killed Maurice
 15293 | D:11     | Found a staircase to the Orcish Mines.
 15585 | D:11     | You fall into a shaft and drop 2 floors!
 15699 | D:13     | Noticed a centaur warrior
 15709 | D:13     | Killed a centaur warrior
 16036 | D:13     | Noticed an eight-headed hydra
 16042 | D:13     | Killed an eight-headed hydra
 16042 | D:13     | Reached ****** piety under Okawaru
 16043 | D:13     | Reached XP level 12. HP: 71/79 MP: 14/29
 16136 | D:13     | Received a gift from Okawaru
 16612 | D:13     | Noticed a two-headed ogre
 16619 | D:13     | Killed a two-headed ogre
 17726 | D:12     | Noticed a boulder beetle
 17738 | D:12     | Killed a boulder beetle
 18276 | D:11     | Noticed a two-headed ogre
 18280 | D:11     | Killed a two-headed ogre
 18348 | D:11     | Noticed Psyche
 18351 | D:11     | Killed Psyche
 18724 | Orc:1    | Entered Level 1 of the Orcish Mines
 18730 | Orc:1    | Reached skill level 5 in Dodging
 18730 | Orc:1    | Reached skill level 11 in Earth Magic
 19396 | Orc:1    | Identified the +4 glaive of Dema {pain, Will+ SInv}
                  | (Okawaru gifted it to you on level 1 of the Orcish Mines)
 19396 | Orc:1    | Received a gift from Okawaru
 19710 | Orc:2    | Entered Level 2 of the Orcish Mines
 19897 | Orc:2    | Noticed an orc high priest
 19901 | Orc:2    | Killed an orc high priest
 19911 | Orc:2    | Found Wupi's Antique Weapon Shoppe.
 20058 | Orc:2    | Found a staircase to the Elven Halls.
 20977 | Orc:1    | Reached XP level 13. HP: 74/85 MP: 24/31
 21131 | Orc:2    | Found Iniqipt's Book Emporium.
 21782 | Orc:2    | Paralysed by an orc sorcerer for 7 turns
 21788 | Orc:2    | HP: 3/85 [chaos spawn[an orc high priest] (7)]
 21790 | Orc:2    | Gained mutation: Your magical capacity is low. (-10% MP) [a
                  | neqoxec]
 22329 | Orc:2    | Noticed an orc warlord
 22335 | Orc:2    | Received a gift from Okawaru
 22556 | Orc:2    | Killed an orc warlord
 22947 | Orc:2    | Found Perr's Antique Weapon Shoppe.
 22987 | Orc:2    | Found Dyfugoud's Antique Armour Emporium.
 23148 | Orc:2    | Bought a book of the Tempests for 910 gold pieces
 23158 | Orc:2    | Learned a level 9 spell: Shatter
 23297 | D:14     | Found a flagged portal.
 23341 | D:14     | Reached skill level 12 in Earth Magic
 23343 | D:14     | Found a gate leading to a gauntlet.
 23361 | Gauntlet | Entered a Gauntlet
 23361 | Gauntlet | Found a transporter.
 23374 | Gauntlet | Noticed a green death
 23465 | Gauntlet | Found a transporter.
 23480 | Gauntlet | Found a transporter.
 23484 | Gauntlet | Found a transporter.
 23491 | Gauntlet | Noticed a blizzard demon
 23494 | Gauntlet | Found a transporter.
 23514 | Gauntlet | Found a transporter.
 23522 | Gauntlet | Found a transporter.
 23523 | Gauntlet | Found a transporter.
 23539 | Gauntlet | Found a transporter.
 23564 | Gauntlet | Found a transporter.
 23566 | Gauntlet | Found a transporter.
 23574 | Gauntlet | Found a transporter.
 23623 | Gauntlet | Identified the ring of Pyromania {Str+6 Dex+4}
 23850 | Gauntlet | Noticed a minotaur
 23888 | Gauntlet | Killed a minotaur
 24020 | Gauntlet | Identified the +2 pair of boots of Kindness {+Blink rF+
                  | rCorr Str-3}
 24918 | D:14     | Reached skill level 13 in Earth Magic
 25355 | D:14     | Received a gift from Okawaru
 25362 | D:14     | Identified the +6 battleaxe "Mine" {antimagic, rN+++ Dex+6}
                  | (Okawaru gifted it to you on level 14 of the Dungeon)
 25362 | D:14     | Received a gift from Okawaru
 25533 | D:14     | Found a gate to the Vaults.
 25641 | D:14     | Identified the +3 plate armour of the Onion {rCorr}
 25674 | D:15     | Entered Level 15 of the Dungeon
 25816 | D:15     | Reached skill level 14 in Earth Magic
 25816 | D:15     | Reached XP level 14. HP: 57/92 MP: 12/31
 25826 | D:15     | Found a frozen archway.
 25835 | IceCv    | Entered an ice cave
 25838 | IceCv    | Reached skill level 15 in Spellcasting
 26539 | IceCv    | Received a gift from Okawaru
 27062 | IceCv    | Noticed a frost giant
 27068 | IceCv    | Killed a frost giant
 27300 | IceCv    | Identified the +6 glaive of Watchfulness {flame, Int+2}
 27571 | D:15     | Reached skill level 15 in Earth Magic
 28471 | Lair:1   | Entered Level 1 of the Lair of Beasts
 29562 | Lair:1   | Found a snail-covered altar of Cheibriados.
 30259 | Lair:2   | Reached skill level 16 in Earth Magic
 30937 | Lair:2   | Received a gift from Okawaru
 31752 | Lair:3   | Identified the amulet of Mofypostru {RegenMP rF++}
 32198 | Lair:3   | You fall into a shaft and drop 2 floors!
 32198 | Lair:5   | Found a hazy altar of Hepliaklqana.
 32380 | Lair:4   | Reached XP level 15. HP: 72/96 MP: 16/34
 33171 | Lair:4   | Found a hole to the Spider Nest.
 33875 | Lair:3   | Found a runed translucent gate.
 33875 | Lair:3   | Found a runed translucent gate.
 33876 | Lair:3   | Found a runed translucent gate.
 33879 | Lair:3   | Noticed Leupn's ghost (journeyman GnSk)
 33901 | Lair:3   | Killed Leupn's ghost
 33902 | Lair:3   | Reached skill level 17 in Earth Magic
 34106 | Lair:3   | Found a staircase to the Swamp.
 35213 | Lair:6   | Entered Level 6 of the Lair of Beasts
 35213 | Lair:6   | Found a staircase to the Slime Pits.
 35420 | Lair:5   | Received a gift from Okawaru
 35940 | Lair:6   | Reached skill level 18 in Earth Magic
 36065 | Lair:6   | Noticed Sonja
 36070 | Lair:6   | Killed Sonja
 36167 | Lair:6   | Identified the +4 demon whip of the Fray {elec, rPois rC+}
                  | (Okawaru gifted it to you on level 6 of the Lair of Beasts)
 36167 | Lair:6   | Received a gift from Okawaru
 37495 | Lair:6   | Noticed Nessos
 37501 | Lair:6   | Killed Nessos
 37501 | Lair:6   | Received a gift from Okawaru
 37667 | Lair:6   | Reached XP level 16. HP: 91/101 MP: 1/36
 37943 | D:6      | Bought the ring of the Robin {+Fly rElec rC+ Dex+6} for
                  | 1142 gold pieces
 38113 | Elf:1    | Entered Level 1 of the Elven Halls
 38165 | Elf:1    | Found a radiant altar of Vehumet.
 38177 | Elf:1    | Reached skill level 19 in Earth Magic
 38680 | Elf:2    | Found Piser's General Store.
 38737 | Elf:2    | Bought a scroll of teleportation for 45 gold pieces
 38772 | Elf:2    | Found Xiutwoar's Antique Weapon Shop.
 38795 | Elf:2    | Found a runed translucent door.
 38796 | Elf:2    | Noticed Maemadut's ghost (veteran DrMo)
 38970 | Elf:2    | Reached skill level 20 in Earth Magic
 39056 | Elf:2    | Received a gift from Okawaru
 39676 | Elf:2    | Found a runed translucent gate.
 39676 | Elf:2    | Found a runed translucent gate.
 39676 | Elf:2    | Found a runed translucent gate.
 40119 | Elf:1    | Reached XP level 17. HP: 90/106 MP: 24/38
 40469 | Elf:1    | Found a runed translucent gate.
 40469 | Elf:1    | Found a runed translucent gate.
 40469 | Elf:1    | Found a runed translucent gate.
 40469 | Elf:1    | Found a runed translucent gate.
 40469 | Elf:1    | Found a runed translucent gate.
 40470 | Elf:1    | Found a runed translucent gate.
 40478 | Elf:1    | Identified the +0 hat of Yesterday {*Slow Will++ Dex+4}
 40492 | Elf:1    | Reached skill level 21 in Earth Magic
 40611 | Elf:1    | Identified the +4 kite shield of Huepu {+Inv rN+ Str+2}
                  | (Okawaru gifted it to you on level 1 of the Elven Halls)
 40611 | Elf:1    | Received a gift from Okawaru
 41051 | Elf:1    | Identified the ring "Hotuid" {rPois rF+ Int-5 SInv}
 42072 | Elf:3    | Entered Level 3 of the Elven Halls
 42175 | Elf:3    | Learned a level 5 spell: Bolt of Magma
 42259 | Elf:3    | Found Gommoh's Antique Weapon Shop.
 42350 | Elf:3    | Identified the +7 trident of Tozeusk {speed, *Slow rPois
                  | Dex+8 SInv}
 42633 | Elf:3    | Noticed a deep elf blademaster
 42640 | Elf:3    | Killed a deep elf blademaster
 42833 | Elf:3    | Noticed a deep elf blademaster
 42927 | Elf:3    | Reached skill level 22 in Earth Magic
 42991 | Elf:3    | Identified the +8 arbalest of Damp Resourcefulness {elec,
                  | rN+} (Okawaru gifted it to you on level 3 of the Elven
                  | Halls)
 42991 | Elf:3    | Received a gift from Okawaru
 43217 | Elf:3    | Killed a deep elf blademaster
 43339 | Elf:3    | Identified the +10 falchion of Causality {freeze, *Rage
                  | +Fly Str+6}
 43339 | Elf:3    | Identified the ring "Hyucamio" {rN+ Str+6 SInv}
 43342 | Elf:3    | Reached XP level 18. HP: 113/113 MP: 23/40
 43730 | Elf:3    | Identified the +3 morningstar "Vaine" {vorpal, rElec rPois}
 43738 | Elf:3    | Received a gift from Okawaru
 43773 | Elf:3    | Identified Xapodaiw's Grimoire of Toxins and Cold
 43818 | Elf:3    | Identified the +8 plate armour "Ipitif" {Harm Int+4 Dex-4
                  | Slay+6}
 43824 | Elf:3    | Identified the Almanac of Bewitchment
 43828 | Elf:3    | Identified the Reference Book on the Escort
 44110 | Elf:3    | Learned a level 6 spell: Iron Shot
 44454 | Swamp:1  | Entered Level 1 of the Swamp
 46599 | Swamp:3  | Noticed Jorgrun
 46695 | Swamp:3  | Killed Jorgrun
 47024 | Swamp:3  | Received a gift from Okawaru
 47654 | Swamp:4  | Entered Level 4 of the Swamp
 47730 | Swamp:4  | Reached skill level 10 in Shields
 48229 | Swamp:3  | HP: 5/115 [poisoned by a swamp dragon (poison gas)]
 48235 | Swamp:3  | HP: 5/115 [poisoned by a swamp dragon (poison gas)]
 48243 | Swamp:3  | HP: 5/115 [poisoned by a swamp dragon (poison gas)]
 48672 | Swamp:4  | Reached XP level 19. HP: 120/120 MP: 13/41
 49081 | Swamp:4  | Got a decaying rune of Zot
 49436 | Spider:1 | Entered Level 1 of the Spider Nest
 49518 | Spider:1 | Received a gift from Okawaru
 49779 | Spider:1 | Noticed Rupert
 49785 | Spider:1 | Killed Rupert
 49862 | Spider:1 | Noticed Kirke
 49865 | Spider:1 | Killed Kirke
 50985 | Spider:2 | Noticed Frances
 50992 | Spider:2 | Killed Frances
 51109 | Spider:2 | Noticed Roxanne
 51111 | Spider:2 | Killed Roxanne
 51119 | Spider:2 | Received a gift from Okawaru
 51136 | Spider:2 | Noticed Asterion
 51142 | Spider:2 | Killed Asterion
 51559 | Spider:2 | Found a runed translucent gate.
 51559 | Spider:2 | Found a runed translucent gate.
 51559 | Spider:2 | Found a runed translucent gate.
 51559 | Spider:2 | Noticed Sajuapom's ghost (adept MiFi)
 51715 | Spider:2 | Killed Sajuapom's ghost
 52747 | Spider:4 | Entered Level 4 of the Spider Nest
 53093 | Spider:4 | Received a gift from Okawaru
 53552 | Spider:3 | Lost strength.
 55172 | D:15     | Found a staircase to the Depths.
 55338 | Depths:1 | Entered Level 1 of the Depths
 55340 | Depths:1 | Received a gift from Okawaru
 55396 | Depths:1 | HP: 6/122 [stone giant zombie[a necromancer] (16)]
 55420 | Depths:1 | Found Wynoh's Demolitions Depot.
 55837 | D:15     | Lost mutation: Your magical capacity is low. (-10% MP)
                  | [potion of mutation]
 55837 | D:15     | Gained mutation: Scrolls take you a little longer to read.
                  | [potion of mutation]
 55837 | D:15     | Gained mutation: You are agile. (Dex +2) [potion of
                  | mutation]
 55838 | D:15     | Lost mutation: Scrolls take you a little longer to read.
                  | [potion of mutation]
 55838 | D:15     | Gained mutation: You are weak. (Str -2) [potion of
                  | mutation]
 55838 | D:15     | Gained mutation: You expend magic power (3 MP) to
                  | strengthen your wands. [potion of mutation]
 55838 | D:15     | Gained mutation: You are partially covered in icy blue
                  | scales. (AC +2) [potion of mutation]
 55839 | D:15     | Lost mutation: You are partially covered in icy blue
                  | scales. (AC +2) [potion of mutation]
 55839 | D:15     | Lost mutation: You are agile. (Dex +2) [potion of mutation]
 55839 | D:15     | Lost mutation: You expend magic power (3 MP) to strengthen
                  | your wands. [potion of mutation]
 55839 | D:15     | Lost mutation: You are weak. (Str -2) [potion of mutation]
 55839 | D:15     | Gained mutation: Your muscles are strong. (Str +2) [potion
                  | of mutation]
 55839 | D:15     | Gained mutation: You have large cloven feet. [potion of
                  | mutation]
 55839 | D:15     | Gained mutation: You evolve. [potion of mutation]
 56036 | Depths:1 | Reached XP level 20. HP: 120/128 MP: 12/47
 56148 | Depths:1 | Identified the +6 arbalest of Honour {flame, rN+ Dex+4
                  | SInv}
 56286 | D:15     | Gained mutation: You have a pair of small antennae on your
                  | head. [evolution]
 56469 | Depths:1 | Found a one-way gate leading to the halls of Pandemonium.
 56581 | Depths:1 | Found a gateway to Hell.
 56624 | Depths:1 | Found a runed translucent door.
 56625 | Depths:1 | Noticed Sysor's ghost (adept DsVM)
 56782 | Depths:1 | Identified the +5 plate armour "Kattonk" {-Tele Rampage
                  | Dex+6 Stlth+} (Okawaru gifted it to you on level 1 of the
                  | Depths)
 56782 | Depths:1 | Received a gift from Okawaru
 57169 | Depths:1 | Killed Sysor's ghost
 57184 | Depths:1 | Found a runed translucent door.
 57185 | Depths:1 | Noticed a golden dragon
 57186 | Depths:1 | Noticed a golden dragon
 57186 | Depths:1 | Noticed Dipil's ghost (master MiFi)
 57246 | Depths:1 | Killed a golden dragon
 57246 | Depths:1 | Killed a golden dragon
 57285 | Depths:1 | Killed Dipil's ghost
 57289 | Depths:1 | Reached skill level 15 in Fighting
 57520 | Depths:1 | Found a runed translucent door.
 57524 | Depths:1 | Noticed Zogo's ghost (veteran OpDe)
 57539 | Depths:1 | Killed from afar by an iron giant

Illustrated notes

Levels and vault maps discovered:
D:1:      matt_arrival_refuge, layout_basic, minmay_hedge_maze
D:2:      layout_loops_ring, uniq_natasha
D:3:      layout_loops_ring, gammafunk_ghost_abyssal_escape,
          kennysheep_cross_bottleneck
D:4:      layout_basic, uniq_sigmund
D:5:      layout_loops_ring, temple_fountains, serial_bayou_lagoon_a
D:6:      layout_rooms, serial_shops, shop, nicolae_zen_rock_garden
D:7:      minmay_flawed_box, layout_loops_cross, minmay_misc_feat_tower,
          uniq_harold, uniq_joseph, uniq_menkaure
D:8:      layout_basic, lemuel_round_altar, erik_lair_dragon, serial_shops, shop
D:9:      layout_stronghold, hex_tiny, uniq_pikel, uniq_erica
D:10:     layout_long_grid
D:11:     layout_basic, david_orc_2, uniq_psyche, uniq_maurice, uniq_urug
D:12:     layout_loops_ring
D:13:     layout_gridville
D:14:     layout_basic, ximxim_vaults_locker_room, gauntlet_entry_generic,
          enter_bailey_6, abandoned_shop, st_stairs_10
D:15:     gammafunk_depths_entry_grave, layout_gridville,
          portal_ice_cave_entry_pillars_2, st_stairs_14
Temple:   compressed_dpeg_triangle_lava_temple
Lair:1:   layout_roguey [special_room_bee], kennysheep_snail_temple
Lair:2:   layout_long_grid, infiniplex_staircase_pool, grunt_megastairs_2
Lair:3:   layout_hall_layers, nicolae_swamp_entry_splash_gauntlet,
          gammafunk_ghost_necromancy, lemuel_fruit_tree, grunt_megastairs_3
Lair:4:   layout_cellular_growth, spider_nest_entry_rubble,
          chequers_serial_rivers_micro_c
Lair:5:   layout_misc_corridors, st_stairs_10, serial_bayou_pond_e,
          amcnicky_altar_gilded
Lair:6:   hangedman_lair_in_review, layout_regular_city,
          minmay_slime_entry_oklob_open, serial_bayou_shore_a, uniq_sonja,
          uniq_nessos
Swamp:1:  layout_basic_swamp, hangedman_swamp_blocks
Swamp:2:  layout_basic_swamp, nicolae_swamp_some_circles, swamp_pool2
Swamp:3:  layout_basic_swamp, serial_swamp_ruin, hangedman_swamp_ruin_wall,
          evilmike_swamp_ruin_wall, swamp_pool1, roderic_carrion_pond,
          uniq_jorgrun
Swamp:4:  swamp_alternative, layout_basic_swamp, swamp_pool1
Spider:1: layout_chambers, uniq_kirke, uniq_rupert
Spider:2: layout_spider_delve, ebering_ghost_rock_garden, uniq_frances,
          uniq_roxanne, uniq_asterion
Spider:3: layout_spider_delve
Spider:4: grunt_spider_rune_parallel
Orc:1:    layout_caves
Orc:2:    grunt_orc_community_town_hall, layout_diamond_mine,
          grunt_orc_community_big_house_1, grunt_orc_community_big_house_1,
          grunt_orc_community_house_2, grunt_orc_community_house_3,
          grunt_orc_community_house_1, grunt_orc_community_house_1,
          grunt_orc_community_house_1, grunt_orc_community_house_1
Elf:1:    eino_elf_arrival_altar, layout_geoelf_octagon, orc_legates,
          nicolae_elf_big_sculpture_1
Elf:2:    layout_geoelf_octagon, serial_shops, shop,
          nicolae_shop_overgrown_old_shop, ebering_ghost_inner_flame
Elf:3:    minmay_elf_hall_not_hex, layout_onion_city, serial_shops, shop,
          nicolae_elf_glass_and_crystal_pillar_1, fountainhead,
          grunt_ministairs_9
Depths:1: layout_cave_pools, rand_demon_pan_entry_1,
          muffindrake_ghost_three_little_ghosts, grunt_mini_vestibule,
          nicolae_blasting_shop, serial_bayou_lagoon_b
Depths:2: lemuel_river_lethe, hell_entry

Skill      XL: |  1  2  3  4  5  6  7  8  9 10 11 12 13 14 15 16 17 18 19 20 |
---------------+-------------------------------------------------------------+-----
Fighting       | 1 2 3 4 5 6 8 9 10 11 12 13 14 15 | 15.0
Spellcasting   | 4 5 6 8 9 10 11 12 14 16 18 19 20 21 | 21.4
Earth Magic    | 4 5 7 8 9 10 11 14 16 18 20 22 | 22.7
Shields        | 2 4 5 6 7 10 13 | 13.6
Dodging        | 5 |  5.8
Stealth        | |  2.4
Transmutations | |  1.1

Action                   |  1- 3 |  4- 6 |  7- 9 | 10-12 | 13-15 | 16-18 | 19-21 || total
-------------------------+-------+-------+-------+-------+-------+-------+-------++-------
Melee: Unarmed           |     8 |       |       |       |       |       |       ||     8
       Hand axe          |     1 |    29 |       |       |       |       |       ||    30
       Dagger            |       |     5 |   129 |   179 |   335 |     4 |       ||   652
       Staff             |       |       |       |       |       |     2 |    40 ||    42
 Cast: Sandblast         |    41 |    26 |    34 |    94 |   209 |    29 |    41 ||   474
       Stone Arrow       |       |    13 |   102 |   212 |   441 |    15 |       ||   783
       Lee's Rapid Decon |       |       |     4 |    60 |   141 |   230 |    29 ||   464
       Petrify           |       |       |     3 |     5 |    13 |       |       ||    21
       Bolt of Magma     |       |       |       |       |       |   141 |   149 ||   290
       Shatter           |       |       |       |       |       |     4 |    21 ||    25
       Iron Shot         |       |       |       |       |       |     3 |    38 ||    41
 Abil: Evoke Blink       |       |       |       |       |     4 |     7 |     8 ||    19
Evoke: Wand              |       |       |    15 |    24 |    18 |     8 |    15 ||    80
       Tin of tremorston |       |       |       |       |     3 |       |       ||     3
       Condenser vane    |       |       |       |       |     1 |     1 |     3 ||     5
       Lightning rod     |       |       |       |       |       |       |     5 ||     5
  Use: Scroll            |       |       |    18 |     8 |    23 |    11 |     6 ||    66
       Potion            |       |       |     1 |       |     5 |     9 |     6 ||    21
 Stab: Sleeping          |     1 |     2 |     5 |     1 |     4 |       |       ||    13
       Distracted        |       |     1 |       |     1 |       |       |     1 ||     3
       Petrified         |       |       |       |       |     5 |       |       ||     5
       Paralysed         |       |       |       |       |     3 |     2 |       ||     5
Armor: Robe              |     1 |    10 |    41 |    50 |   148 |    27 |    81 ||   358
       Troll leather arm |       |       |       |    11 |       |       |       ||    11
Dodge: Dodged            |    12 |    29 |    92 |   241 |   746 |   107 |   172 ||  1399
       Repelled          |       |       |       |     3 |     3 |       |       ||     6
Block: Buckler           |       |       |     3 |    91 |   323 |    43 |       ||   460
       Reflection        |       |       |       |       |     6 |     6 |       ||    12
       Kite shield       |       |       |       |       |       |     1 |   221 ||   222

Table legend: (Time is in decaauts)
 A = Elapsed time spent in this place.
 B = Non-inter-level travel time spent in this place.
 C = Inter-level travel time spent in this place.
 D = Time resting spent in this place.
 E = Time spent auto-exploring this place.
 F = Levels seen in this place.
 G = Mean time per level.
                   A        B        C        D        E       F      G
               +--------+--------+--------+--------+--------+-----+--------+
         Total |  58367 |  54942 |   3425 |  17359 |  29392 |  39 | 1496.6 |
       Dungeon |  24088 |  21958 |   2130 |   5730 |  13361 |  15 | 1605.9 |
        Temple |    216 |    195 |     21 |     46 |    139 |   1 |  216.0 |
          Lair |   9653 |   9060 |    593 |   1812 |   5809 |   6 | 1608.8 |
         Swamp |   5095 |   4881 |    214 |   2138 |   2197 |   4 | 1273.8 |
   Spider Nest |   5427 |   5285 |    142 |   1988 |   2675 |   4 | 1356.8 |
  Orcish Mines |   3927 |   3735 |    192 |   1688 |   1299 |   2 | 1963.5 |
   Elven Halls |   6079 |   5949 |    130 |   2630 |   2196 |   3 | 2026.3 |
        Depths |   1494 |   1494 |      0 |    313 |    834 |   2 |  747.0 |
      Ice Cave |   1700 |   1700 |      0 |    887 |    515 |   1 | 1700.0 |
      Gauntlet |    683 |    683 |      0 |    126 |    365 |   1 |  683.0 |
               +--------+--------+--------+--------+--------+-----+--------+

Top non-repeatable levels by time:
    D:11: 2834 daAuts
   Orc:2: 2810 daAuts
Spider:3: 2456 daAuts
   Elf:2: 2257 daAuts
     D:8: 2223 daAuts
  Lair:6: 2172 daAuts
    D:14: 2152 daAuts
   Elf:3: 2058 daAuts
 Swamp:3: 1836 daAuts
   Elf:1: 1762 daAuts
    D:15: 1758 daAuts
     D:7: 1739 daAuts
   IceCv: 1700 daAuts
  Lair:1: 1597 daAuts
Spider:1: 1561 daAuts
